 Dungeon Crawl Stone Soup version 0.21.1-1-g345015f (webtiles) character file.

107 EpicGamer07 the Shield-Bearer (level 5, -1/41 HPs)
             Began as a Human Fighter on June 7, 2018.
             Slain by an orc wizard
             ... wielding a +3 dagger
              (6 damage)
             ... on level 2 of the Dungeon.
             The game lasted 00:03:49 (683 turns).

EpicGamer07 the Shield-Bearer (Human Fighter)        Turns: 683, Time: 00:03:50

Health: -1/41      AC:  6    Str: 17    XL:     5   Next: 11%
Magic:  5/5        EV:  7    Int:  8    God:
Gold:   18         SH:  9    Dex: 13    Spells: 4/4 levels left

rFire    . . .     SeeInvis .   a - +0 long sword
rCold    . . .     Gourm    .   c - +0 shield
rNeg     . . .     Faith    .   b - +0 scale mail
rPois    .         Spirit   .   (no helmet)
rElec    .         Reflect  .   (no cloak)
rCorr    .         Harm     .   (no gloves)
MR       .....                  (no boots)
Stlth    ..........             (no amulet)
HPRegen  0.13/turn              (no ring)
MPRegen  0.09/turn              (no ring)

@: no status effects
A: no striking features
a: no special abilities


You were on level 2 of the Dungeon.
You were not hungry.

You visited 1 branch of the dungeon, and saw 2 of its levels.

You collected 18 gold pieces.

Inventory:

Hand Weapons
 a - a +0 long sword (weapon)
Armour
 b - a +0 scale mail (worn)
 c - a +0 shield (worn)
Scrolls
 g - 2 scrolls of identify {unknown}
 k - a scroll of fear {unknown}
 l - a scroll of fog {unknown}
 m - a scroll of blinking {unknown}
Potions
 d - a potion of might
 e - 2 potions of lignification {unknown}
 i - 2 potions of curing {unknown}
Books
 n - a book of Callings

   Spells                             Type                      Level
   a - Summon Small Mammal            Summoning                    1
   b - Call Imp                       Summoning                    2
   c - Call Canine Familiar           Summoning                    3
   d - Summon Guardian Golem          Hexes/Summoning              3
   e - Summon Lightning Spire         Summoning/Air                4
   f - Summon Ice Beast               Ice/Summoning                4
Comestibles
 f - 3 rations
 j - a chunk of flesh


   Skills:
 + Level 3.3 Fighting
 + Level 2.9 Long Blades
 + Level 3.6 Armour
 + Level 1.1 Dodging
 + Level 0.2 Stealth
 + Level 3.9 Shields


You had 4 spell levels left.
You didn't know any spells.

Dungeon Overview and Level Annotations

Branches:
Dungeon (2/15)

Altars:


Message History

The orc hits you from afar with a vampiric trident.
The orc wizard hits you with an enchanted dagger.
You hit the orc wizard but do no damage.
The orc priest hits you with a hand axe.
The orc wizard hits you with an enchanted dagger.
The orc closely misses you.
You riposte.
You slash the orc!
The orc is almost dead.
The orc closely misses you. The orc wizard casts a spell at you.
The magic dart hits you! The orc priest barely misses you.
You hit the orc wizard.
The orc wizard is moderately wounded.
The orc wizard points at you and mumbles some strange words.
The puff of flame hits you! The orc barely misses you.
The orc hits you but does no damage.
The orc priest invokes the aid of Beogh against you.
Beogh smites you!
* * * LOW HITPOINT WARNING * * *
The orc wizard hits you with an enchanted dagger.
You die...

#####............#
#............#
######.......#
####.......##
............######
............#....#
.........#....<...#..
........o###.........
.........@oo.#....##.
........#oo.######
........#..........
#########...#######
#....# #...........#
#.#.......#.#
#.......# # #.......#


You could see an orc priest, an orc wizard and 3 orcs.

Vanquished Creatures
  A crimson imp (D:2)
  3 adders (D:2)
  An ooze (D:2)
  2 worms (D:2)
  A dart slug (D:1)
  A leopard gecko (D:2)
  2 giant cockroaches (D:2)
  4 goblins
  2 hobgoblins
  3 jackals (D:1)
  2 kobolds (D:1)
  4 bats
  2 frilled lizards (D:2)
  6 rats
34 creatures vanquished.

Notes
Turn   | Place    | Note
-------+----------+-------------------------------------------
     0 | D:1      | EpicGamer07 the Human Fighter began the quest for the Orb.
     0 | D:1      | Reached XP level 1. HP: 18/18 MP: 1/1
   134 | D:1      | Reached XP level 2. HP: 23/24 MP: 2/2
   240 | D:2      | Reached XP level 3. HP: 25/29 MP: 3/3
   402 | D:2      | Reached XP level 4. HP: 22/35 MP: 4/4
   485 | D:2      | Reached skill level 1 in Dodging
   531 | D:2      | Reached XP level 5. HP: 28/41 MP: 5/5
   683 | D:2      | Slain by an orc wizard

Skill      XL: |  1  2  3  4 |
---------------+-------------+-----
Dodging        | 1 |  1.1
Fighting       | |  3.3
Long Blades    | |  2.9
Armour         | |  3.6
Stealth        | |  0.2
Shields        | |  3.9

Action                   |  1- 3 |  4- 6 || total
-------------------------+-------+-------++-------
Melee: Long sword        |    80 |    63 ||   143
  Use: Potion            |     1 |     1 ||     2
Armor: Scale mail        |    51 |    56 ||   107
Dodge: Dodged            |    30 |    29 ||    59
Block: Shield            |    42 |    64 ||   106
       Rpst.: Long sword |    10 |    13 ||    23
